Map: Ruins of Seras

Players

Nerchio - Winner!

  • Race: Zerg Zerg
  • League: Grandmaster

FireCake

  • Race: Zerg Zerg
  • League: Master

Event: Gauntlet Monday Night

VOD

Have the link to the VOD?

Description

Time

  • Played on: Jan. 4, 2016, 2:29 p.m.
  • Length: 10:49

All games in this series

Show
View Real Time Build Order
Export as new Build Order

Nerchio Zerg - Winner!

Build Orders: Hatch First, Zergling Baneling 

Get SALT Encoding   

  12  0:00  Drone  
  13  0:12  Overlord  
  13  0:18  Drone  
  14  0:31  Drone x2  
  14  0:35  Drone  
  17  0:53  Hatchery  
  17  0:56  Drone  
  17  1:00  Drone  
  18  1:04  Extractor  
  17  1:16  Spawning Pool  
  16  1:19  Drone  
  16  1:22  Drone  
  18  1:28  Drone  
  19  1:38  Overlord  
  19  2:02  Zergling x4, Queen  
  19  2:06  Baneling Nest  
  22  2:08  Queen  
  22  2:12  Drone  
  25  2:16  Drone  
  26  2:24  Metabolic Boost  
  26  2:30  Zergling x4  
  27  2:47  Zergling x2  
  27  2:48  Zergling x2  
  27  2:49  Baneling x2  
  29  2:52  Drone x3  
  29  2:54  Drone  
  33  3:01  Overlord  
  33  3:04  Drone  
  34  3:10  Drone  
  37  3:20  Drone x5  
  37  3:25  Drone x2  
  42  3:32  Overlord  
  42  3:37  Queen  
  43  3:50  Zergling x12  
  43  3:51  Zergling x2  
  43  3:53  Zergling x2  
  51  3:57  Overlord  
  51  4:09  Hatchery  
  50  4:11  Baneling  
  50  4:12  Baneling x4  
  50  4:16  Zergling x4  
  52  4:17  Zergling x2  
  52  4:19  Baneling x2  
  52  4:21  Zergling x2  
  52  4:22  Zergling x2  
  54  4:28  Zergling x2  
  51  4:32  Zergling x8  
  51  4:33  Baneling  
  52  4:39  Zergling x4  
  52  4:44  Zergling x2  
  53  4:47  Baneling  
  53  4:48  Baneling x3  
  53  4:51  Zergling x2  
  52  4:54  Zergling x2  
  52  5:02  Zergling x2  
  52  5:03  Baneling  
  52  5:04  Baneling  
  49  5:12  Drone x2  
  49  5:13  Drone x2, Queen x2  
  55  5:14  Drone x2  
  55  5:15  Drone  
  55  5:19  Zergling x2  
  58  5:22  Baneling  
  58  5:25  Zergling x4  
  58  5:26  Baneling  
  58  5:27  Zergling x2  
  60  5:35  Roach Warren, Zergling x4  
  61  5:38  Baneling x2  
  61  5:42  Zergling x2  
  62  5:43  Zergling x2  
  62  5:44  Extractor  
  62  5:49  Zergling x6  
  65  5:50  Zergling x2  
  65  5:54  Zergling x2  
  64  5:57  Zergling x4  
  64  6:03  Zergling x4  
  64  6:04  Zergling x2  
  63  6:05  Zergling x4  
  63  6:09  Zergling x2  
  59  6:16  Drone x4  
  63  6:19  Lair  
  63  6:20  Drone x2  
  65  6:26  Overlord  
  65  6:27  Extractor  
  65  6:31  Overlord x2  
  64  6:33  Baneling x3  
  64  6:37  Overlord  
  64  6:41  Overlord x2  
  64  6:52  Drone x7  
  67  6:58  Zergling x4  
  67  7:01  Zergling x6  
  69  7:11  Roach x3  
  69  7:12  Roach  
  69  7:15  Evolution Chamber, Roach  
  76  7:17  Baneling x2  
  76  7:19  Drone  
  76  7:20  Drone x2  
  77  7:29  Drone  
  80  7:30  Drone x2  
  80  7:32  Glial Reconstitution  
  80  7:36  Drone x2  
  81  7:41  Drone x4  
  81  7:43  Overseer  
  86  7:44  Drone x2  
  86  7:47  Zerg Missile Weapons Level 1  
  86  7:49  Roach  
  86  7:50  Roach  
  91  7:53  Roach  
  91  7:55  Overlord  
  91  7:57  Extractor  
  92  7:59  Roach  
  92  8:00  Extractor  
  92  8:01  Overlord  
  92  8:03  Roach  
  92  8:05  Overlord  
  95  8:07  Overlord  
  95  8:09  Overlord  
  95  8:22  Roach  
  95  8:23  Roach x6  
  109  8:30  Roach x4  
  117  8:38  Roach x3  
  125  8:41  Roach x3  
  125  8:43  Roach  
  125  8:45  Roach  
  125  8:46  Roach  
  132  8:49  Roach  
  132  8:52  Overlord  
  132  8:54  Overlord  
  133  9:03  Overlord x2  
  133  9:06  Overlord  
  133  9:13  Roach x4  
  133  9:14  Roach x3  
  144  9:22  Roach  
  146  9:24  Roach  
  146  9:25  Roach x3  
  146  9:28  Roach  
  146  9:31  Roach x2  
  156  9:32  Roach  
  156  9:34  Roach  
  156  9:35  Roach  
  160  9:39  Roach x2  
  160  9:43  Roach  
  160  9:44  Roach  
  158  9:45  Roach  
  158  9:51  Roach  
  158  9:52  Roach  
  154  9:58  Roach x2  
  150  10:01  Roach  
  150  10:06  Roach x2  
  146  10:08  Roach x2  
  146  10:11  Roach x2  
  154  10:14  Roach x2  
  154  10:19  Roach x2  
  158  10:23  Roach x2  
  158  10:24  Roach  
  158  10:27  Roach  
Show
View Real Time Build Order
Export as new Build Order

FireCake Zerg 

Build Orders: Pool First, Zergling Baneling 

Get SALT Encoding   

  12  0:01  Drone  
  13  0:07  Drone  
  14  0:17  Overlord  
  14  0:21  Extractor  
  13  0:23  Drone  
  17  0:35  Drone x2  
  17  0:45  Spawning Pool  
  17  0:49  Drone  
  17  0:54  Drone  
  18  0:59  Extractor  
  17  1:05  Drone  
  18  1:18  Hatchery  
  17  1:24  Drone  
  18  1:32  Queen  
  18  1:36  Zergling x2  
  21  1:42  Drone  
  22  1:48  Overlord  
  22  2:02  Metabolic Boost  
  22  2:08  Drone, Queen  
  23  2:15  Drone  
  26  2:20  Drone  
  27  2:23  Baneling Nest  
  26  2:31  Zergling x2  
  26  2:33  Drone  
  28  2:42  Drone x4  
  32  2:51  Overlord  
  32  2:55  Drone  
  33  3:00  Zergling x2  
  34  3:09  Baneling  
  34  3:16  Drone  
  34  3:17  Drone x4  
  39  3:33  Drone x2  
  39  3:34  Drone x3  
  43  3:37  Overlord  
  44  3:47  Hatchery  
  43  3:53  Zergling x2  
  43  3:57  Zergling x2  
  43  3:58  Zergling x4  
  43  4:02  Zergling x8  
  50  4:11  Baneling x2  
  50  4:12  Zergling x2  
  50  4:14  Baneling x2  
  50  4:18  Zergling x2  
  50  4:24  Queen  
  50  4:25  Zergling x2  
  50  4:27  Overlord  
  50  4:30  Zergling x2  
  50  4:31  Zergling x4  
  52  4:33  Baneling  
  52  4:34  Baneling  
  50  4:41  Baneling x3  
  50  4:42  Queen  
  50  4:45  Overlord  
  51  4:47  Extractor  
  51  4:51  Zergling x14  
  52  4:56  Baneling x2  
  52  4:57  Baneling x3  
  52  4:59  Zergling x2, Queen  
  51  5:00  Zergling x4  
  52  5:10  Zergling x12  
  57  5:19  Baneling  
  57  5:20  Baneling x3  
  55  5:30  Drone x3  
  55  5:31  Drone  
  60  5:42  Drone  
  60  5:43  Drone x6  
  65  5:57  Zergling x8  
  67  6:09  Zergling x14  
  63  6:21  Roach Warren, Baneling  
  60  6:28  Baneling x2  
  60  6:29  Baneling  
  60  6:32  Drone x5  
  65  6:37  Evolution Chamber, Baneling x3  
  65  6:38  Baneling  
  64  6:42  Zergling x2  
  63  6:55  Drone x3  
  63  7:01  Overlord x3  
  63  7:12  Drone x2  
  63  7:13  Drone x8  
  63  7:23  Roach x2  
  63  7:24  Zerg Missile Weapons Level 1  
  63  7:26  Extractor  
  63  7:27  Lair  
  66  7:35  Extractor  
  65  7:37  Drone x3  
  65  7:38  Drone  
  65  7:39  Drone x7  
  76  7:45  Roach  
  78  8:01  Roach x6  
  78  8:02  Overlord  
  78  8:03  Overlord x2  
  78  8:04  Hatchery  
  89  8:11  Overlord x2  
  89  8:12  Overlord  
  89  8:13  Drone  
  90  8:24  Drone  
  90  8:25  Drone, Roach x2, Extractor  
  90  8:26  Roach, Extractor  
  96  8:30  Glial Reconstitution  
  96  8:35  Roach  
  96  8:36  Roach x5  
  107  8:44  Roach x2  
  107  8:45  Roach x2  
  114  8:54  Roach x4  
  122  9:02  Roach  
  128  9:03  Roach x4  
  128  9:14  Overlord  
  128  9:15  Roach x3  
  128  9:16  Roach  
  128  9:27  Roach x3  
  124  9:33  Roach x3  
  124  9:37  Roach  
  115  9:44  Roach  
  115  9:45  Roach  
  100  9:51  Drone x4  
  83  10:00  Drone x4  
  84  10:08  Drone x2  
  80  10:22  Roach  
  80  10:23  Roach x4  
Tags
 
Add a new tag
Caveats
  • Supply blocks, unpowered buildings, or Contaminate may cause inaccurate times.
  • Supply counts are checked every 10 seconds.